| TOP OF THE 1ST |
|
Daytona Beach Islanders batting - Pitching for West Palm Beach Expos : RHP Carlos Montano
|
|
Pitching: RHP Carlos Montano
|
|
|
Batting: SHB Michael Frierson
|
0-0: Ball 1-0: SINGLE (Line Drive, 7S, EV 105.0 MPH)
|
|
Batting: RHB Kalvin Adams
|
0-0: Called Strike 0-1: Ball 1-1: Grounds into double play, 5-4-3 (Groundball, 56, EV 98.8 MPH)
|
|
Batting: RHB Douglas Wabeke
|
0-0: Foul Ball, location: 2F 0-1: Fly out, F6 (Popup, 56, EV 55.0 MPH)
|
| Top of the 1st over - 0 runs, 1 hit, 0 errors, 0 left on base; Daytona Beach 0 - West Palm Beach 0 |
| BOTTOM OF THE 1ST |
|
West Palm Beach Expos batting - Pitching for Daytona Beach Islanders : LHP Frank Miloszewski
|
|
Pitching: LHP Frank Miloszewski
|
|
|
Batting: RHB Roland Oruna
|
0-0: Ball 1-0: Ball 2-0: Called Strike 2-1: Ball 3-1: Base on Balls
|
|
Batting: SHB Terry Pendleton
|
0-0: Ball 1-0: Ball 2-0: Fly out, F7 (Flyball, 7LS, EV 83.1 MPH)
|
|
Batting: LHB Keith Hughes
|
0-0: Swinging Strike 0-1: Ball 1-1: Ball 2-1: Ball 3-1: Foul Ball, location: 2F 3-2: Fly out, F7 (Flyball, 78D, EV 85.6 MPH)
|
|
Batting: RHB Steve Kiefer
|
0-0: Reached on error, E6 (Groundball, 56, EV 106.9 MPH) Roland Oruna to second
|
|
Batting: SHB Mark Pirruccello
|
0-0: Called Strike 0-1: Ball 1-1: Foul Ball, location: 2F 1-2: Ball 2-2: Fielders Choice at 2nd, 5-4 (Groundball, 5L, EV 86.3 MPH)
|
| Bottom of the 1st over - 0 runs, 0 hits, 1 error, 2 left on base; Daytona Beach 0 - West Palm Beach 0 |
| TOP OF THE 2ND |
|
Daytona Beach Islanders batting - Pitching for West Palm Beach Expos : RHP Carlos Montano
|
|
Batting: RHB Columbus Duncan
|
0-0: Ball 1-0: Ball 2-0: Called Strike 2-1: Ball 3-1: Fly out, F8 (Flyball, 78D, EV 96.3 MPH)
|
|
Batting: RHB Gary Kempton
|
0-0: Swinging Strike 0-1: SINGLE (Flyball, 8RS, EV 90.0 MPH)
|
|
Batting: RHB Jeff Rutledge
|
0-0: Ball 1-0: Ball 2-0: Ball 3-0: Called Strike 3-1: Base on Balls Gary Kempton to second
|
|
Batting: RHB Jeffrey Coker
|
0-0: SINGLE (Groundball, 6M, EV 98.8 MPH) (infield hit) Gary Kempton to third Jeff Rutledge to second
|
|
Batting: RHB Robert Whitfield
|
0-0: Foul Ball, location: 2F 0-1: Ball 1-1: Called Strike 1-2: Ball 2-2: Fielders Choice at 2nd, 3-6 (Groundball, 34, EV 101.9 MPH) Gary Kempton scores Jeff Rutledge to third
|
|
Batting: RHB Alvin Bush
|
0-0: Called Strike 0-1: Ball 1-1: Called Strike 1-2: DOUBLE (Line Drive, 8LD, EV 104.4 MPH) Jeff Rutledge scores Robert Whitfield to third Runner from 3rd tries for Home, SAFE, no throw by CF
|
|
Batting: SHB Michael Frierson
|
0-0: Ball 1-0: Called Strike 1-1: Ball 2-1: Ball 3-1: SINGLE (Flyball, 56D, EV 97.5 MPH) Alvin Bush to third Runner from 3rd tries for Home, SAFE, throw by LF to home
|
|
Batting: RHB Kalvin Adams
|
0-0: Called Strike 0-1: Ball 1-1: Ball 2-1: Foul Ball, location: 2F 2-2: Ball 3-2: Foul Ball, location: 2F 3-2: Foul Ball, location: 2F 3-2: Base on Balls Michael Frierson to second
|
|
Batting: RHB Douglas Wabeke
|
0-0: Fly out, F5 (Flyball, 5D, EV 89.4 MPH)
|
| Top of the 2nd over - 4 runs, 4 hits, 0 errors, 2 left on base; Daytona Beach 4 - West Palm Beach 0 |
| BOTTOM OF THE 2ND |
|
West Palm Beach Expos batting - Pitching for Daytona Beach Islanders : LHP Frank Miloszewski
|
|
Batting: LHB Jesus Alfes
|
0-0: Foul Ball, location: 2F 0-1: Ball 1-1: Ground out 6-3 (Groundball, 6, EV 90.0 MPH)
|
|
Batting: RHB Don Berti
|
0-0: Ground out 6-3 (Groundball, 6M, EV 85.6 MPH)
|
|
Batting: RHB Matthew Gundelfinger
|
0-0: Called Strike 0-1: Foul Ball, location: 2F 0-2: Ball 1-2: Ball 2-2: Ball 3-2: Base on Balls
|
|
Batting: RHB Humberto Cardenas
|
0-0: Called Strike 0-1: Fly out, F7 (Line Drive, 78M, EV 91.9 MPH)
|
| Bottom of the 2nd over - 0 runs, 0 hits, 0 errors, 1 left on base; Daytona Beach 4 - West Palm Beach 0 |
| TOP OF THE 3RD |
|
Daytona Beach Islanders batting - Pitching for West Palm Beach Expos : RHP Carlos Montano
|
|
Batting: RHB Columbus Duncan
|
0-0: Ball 1-0: Ball 2-0: Ball 3-0: Base on Balls
|
|
Batting: RHB Gary Kempton
|
0-0: SINGLE (Line Drive, 78S, EV 88.1 MPH) Columbus Duncan to second
|
|
Batting: RHB Jeff Rutledge
|
0-0: Ball Wild Pitch! Columbus Duncan to third Gary Kempton to second 1-0: Called Strike 1-1: Swinging Strike 1-2: Strikes out swinging
|
|
Batting: RHB Jeffrey Coker
|
0-0: Ball 1-0: Ball 2-0: Called Strike 2-1: Fly out, F8 (Flyball, 89S, EV 88.8 MPH)
|
|
Batting: RHB Robert Whitfield
|
0-0: Ball 1-0: Fly out, F4 (Popup, 23, EV 85.6 MPH)
|
| Top of the 3rd over - 0 runs, 1 hit, 0 errors, 2 left on base; Daytona Beach 4 - West Palm Beach 0 |
| BOTTOM OF THE 3RD |
|
West Palm Beach Expos batting - Pitching for Daytona Beach Islanders : LHP Frank Miloszewski
|
|
Batting: RHB Roland Oruna
|
0-0: Called Strike 0-1: Foul Ball, location: 2F 0-2: Fly out, F9 (Flyball, 9D, EV 83.1 MPH)
|
|
Batting: SHB Terry Pendleton
|
0-0: Called Strike 0-1: Ball 1-1: Ball 2-1: Fly out, F9 (Flyball, 9LS, EV 77.5 MPH)
|
|
Batting: LHB Keith Hughes
|
0-0: Called Strike 0-1: Swinging Strike 0-2: Ball 1-2: DOUBLE (Flyball, 8RXD, EV 105.6 MPH)
|
|
Batting: RHB Steve Kiefer
|
0-0: Ground out 5-3 (Groundball, 56S, EV 86.9 MPH)
|
| Bottom of the 3rd over - 0 runs, 1 hit, 0 errors, 1 left on base; Daytona Beach 4 - West Palm Beach 0 |
| TOP OF THE 4TH |
|
Daytona Beach Islanders batting - Pitching for West Palm Beach Expos : RHP Carlos Montano
|
|
Batting: RHB Alvin Bush
|
0-0: Ball 1-0: Called Strike 1-1: Ball 2-1: Foul Ball, location: 2F 2-2: Foul Ball, location: 2F 2-2: Fly out, F3 (Flyball, 3D, EV 78.1 MPH)
|
|
Batting: SHB Michael Frierson
|
0-0: Ball 1-0: Ball 2-0: Ball 3-0: Called Strike 3-1: Base on Balls
|
|
Batting: RHB Kalvin Adams
|
0-0: Swinging Strike 0-1: Ball 1-1: Called Strike Michael Frierson steals 2nd base 1-2: Ground out 4-3 (Groundball, 4S, EV 77.5 MPH) Michael Frierson to third
|
|
Batting: RHB Douglas Wabeke
|
0-0: Called Strike 0-1: Ground out U3 (Groundball, 3, EV 84.4 MPH)
|
| Top of the 4th over - 0 runs, 0 hits, 0 errors, 1 left on base; Daytona Beach 4 - West Palm Beach 0 |
| BOTTOM OF THE 4TH |
|
West Palm Beach Expos batting - Pitching for Daytona Beach Islanders : LHP Frank Miloszewski
|
|
Batting: SHB Mark Pirruccello
|
0-0: Ball 1-0: Called Strike 1-1: Ball 2-1: Ball 3-1: Foul Ball, location: 2F 3-2: Fly out, F8 (Flyball, 8RS, EV 75.0 MPH)
|
|
Batting: LHB Jesus Alfes
|
0-0: Ball 1-0: Ground out 5-3 (Groundball, 5, EV 83.8 MPH)
|
|
Batting: RHB Don Berti
|
0-0: Ball 1-0: Ball 2-0: Ball 3-0: Called Strike 3-1: Base on Balls
|
|
Batting: RHB Matthew Gundelfinger
|
0-0: Called Strike 0-1: Swinging Strike 0-2: Ground out U3 (Groundball, 34S, EV 86.9 MPH)
|
| Bottom of the 4th over - 0 runs, 0 hits, 0 errors, 1 left on base; Daytona Beach 4 - West Palm Beach 0 |
| TOP OF THE 5TH |
|
Daytona Beach Islanders batting - Pitching for West Palm Beach Expos : RHP Carlos Montano
|
|
Batting: RHB Columbus Duncan
|
0-0: Ball 1-0: Swinging Strike 1-1: Swinging Strike 1-2: Foul Ball, location: 2F 1-2: Ball 2-2: Ball 3-2: Foul Ball, location: 2F 3-2: Base on Balls
|
|
Batting: RHB Gary Kempton
|
0-0: Ball 1-0: Foul Ball, location: 2F 1-1: Fly out, F9 (Flyball, 9LM, EV 95.0 MPH)
|
|
Batting: RHB Jeff Rutledge
|
0-0: Called Strike 0-1: Called Strike 0-2: Ball 1-2: Strikes out looking
|
|
Batting: RHB Jeffrey Coker
|
0-0: Ball Columbus Duncan steals 2nd base 1-0: Ball 2-0: Ground out 6-3 (Groundball, 56, EV 98.1 MPH)
|
| Top of the 5th over - 0 runs, 0 hits, 0 errors, 1 left on base; Daytona Beach 4 - West Palm Beach 0 |
| BOTTOM OF THE 5TH |
|
West Palm Beach Expos batting - Pitching for Daytona Beach Islanders : LHP Frank Miloszewski
|
|
Batting: RHB Humberto Cardenas
|
0-0: Ball 1-0: Called Strike 1-1: DOUBLE (Line Drive, 3D, EV 97.5 MPH)
|
|
Batting: RHB Roland Oruna
|
0-0: Called Strike 0-1: Fly out, F9 (Line Drive, 9, EV 110.6 MPH)
|
|
Batting: SHB Terry Pendleton
|
0-0: SINGLE (Groundball, 23, EV 70.6 MPH) (infield hit) Humberto Cardenas to third
|
|
Batting: LHB Keith Hughes
|
0-0: Grounds into double play, 4-6-3 (Groundball, 4, EV 90.6 MPH)
|
| Bottom of the 5th over - 0 runs, 2 hits, 0 errors, 1 left on base; Daytona Beach 4 - West Palm Beach 0 |
| TOP OF THE 6TH |
|
Daytona Beach Islanders batting - Pitching for West Palm Beach Expos : RHP Carlos Montano
|
|
Batting: RHB Robert Whitfield
|
0-0: Ball 1-0: Ball 2-0: Ground out 4-3 (Groundball, 4, EV 85.6 MPH)
|
|
Batting: RHB Alvin Bush
|
0-0: Ball 1-0: Fly out, F2 (Popup, 23F, EV 87.5 MPH)
|
|
Batting: SHB Michael Frierson
|
0-0: Called Strike 0-1: Foul Ball, location: 2F 0-2: Fly out, F3 (Popup, 3SF, EV 70.0 MPH)
|
| Top of the 6th over - 0 runs, 0 hits, 0 errors, 0 left on base; Daytona Beach 4 - West Palm Beach 0 |
| BOTTOM OF THE 6TH |
|
West Palm Beach Expos batting - Pitching for Daytona Beach Islanders : LHP Frank Miloszewski
|
|
Batting: RHB Steve Kiefer
|
0-0: Ball 1-0: Ball 2-0: Called Strike 2-1: Foul Ball, location: 2F 2-2: Fly out, F8 (Flyball, 89D, EV 85.0 MPH)
|
|
Batting: SHB Mark Pirruccello
|
0-0: Ball 1-0: Ground out 4-3 (Groundball, 4, EV 87.5 MPH)
|
|
Batting: LHB Jesus Alfes
|
0-0: Ball 1-0: SINGLE (Groundball, 6MD, EV 106.3 MPH)
|
|
Batting: RHB Don Berti
|
0-0: Called Strike 0-1: SINGLE (Groundball, 34D, EV 99.4 MPH) Jesus Alfes to second Runner from 2nd tries for 3rd, SAFE, throw by RF made to third
|
|
Batting: RHB Matthew Gundelfinger
|
0-0: Swinging Strike 0-1: Ball 1-1: Ball 2-1: Fielders Choice at 2nd, 6-4 (Groundball, 6MD, EV 88.8 MPH)
|
| Bottom of the 6th over - 0 runs, 2 hits, 0 errors, 2 left on base; Daytona Beach 4 - West Palm Beach 0 |
| TOP OF THE 7TH |
|
Daytona Beach Islanders batting - Pitching for West Palm Beach Expos : RHP Carlos Montano
|
|
Batting: RHB Kalvin Adams
|
0-0: Ball 1-0: Ground out 4-3 (Groundball, 4, EV 102.5 MPH)
|
|
Batting: RHB Douglas Wabeke
|
0-0: Foul Ball, location: 2F 0-1: Ball 1-1: Swinging Strike 1-2: Fly out, F7 (Flyball, 7LM, EV 88.1 MPH)
|
|
Batting: RHB Columbus Duncan
|
0-0: Ball 1-0: Ball 2-0: Ball 3-0: Called Strike 3-1: Foul Ball, location: 2F 3-2: Foul Ball, location: 2F 3-2: Foul Ball, location: 2F 3-2: Base on Balls
|
|
Batting: RHB Gary Kempton
|
0-0: Ball Columbus Duncan steals 2nd base 1-0: Ball 2-0: Ground out 4-3 (Groundball, 4, EV 106.9 MPH)
|
| Top of the 7th over - 0 runs, 0 hits, 0 errors, 1 left on base; Daytona Beach 4 - West Palm Beach 0 |
| BOTTOM OF THE 7TH |
|
West Palm Beach Expos batting - Pitching for Daytona Beach Islanders : LHP Frank Miloszewski
|
|
Batting: RHB Humberto Cardenas
|
0-0: Ball 1-0: Swinging Strike 1-1: Foul Ball, location: 2F 1-2: Foul Ball, location: 2F 1-2: Fly out, F8 (Flyball, 8LD, EV 110.0 MPH)
|
|
Batting: RHB Roland Oruna
|
0-0: Called Strike 0-1: Foul Ball, location: 2F 0-2: Ball 1-2: Foul Ball, location: 2F 1-2: Ball 2-2: Ball 3-2: Fly out, F6 (Popup, 4M, EV 70.6 MPH)
|
|
Batting: SHB Terry Pendleton
|
0-0: Ball 1-0: DOUBLE (Line Drive, 89D, EV 115.0 MPH)
|
|
Batting: LHB Keith Hughes
|
0-0: Foul Ball, location: 2F 0-1: Ball 1-1: Ball 2-1: Ball 3-1: Base on Balls
|
|
Batting: RHB Steve Kiefer
|
0-0: Ball 1-0: Ball 2-0: Ball 3-0: Called Strike 3-1: Called Strike 3-2: SINGLE (Line Drive, 4D, EV 108.1 MPH) Terry Pendleton to third Keith Hughes to second Terry Pendleton scores Keith Hughes to third
|
|
Batting: SHB Mark Pirruccello
|
0-0: Called Strike 0-1: Ball 1-1: Ball 2-1: Foul Ball, location: 2F 2-2: Fly out, F4 (Popup, 34D, EV 59.4 MPH)
|
| Bottom of the 7th over - 1 run, 2 hits, 0 errors, 2 left on base; Daytona Beach 4 - West Palm Beach 1 |
| TOP OF THE 8TH |
|
Daytona Beach Islanders batting - Pitching for West Palm Beach Expos : RHP Carlos Montano
|
|
Batting: RHB Jeff Rutledge
|
0-0: Ball 1-0: Ball 2-0: SINGLE (Line Drive, 89S, EV 97.5 MPH)
|
|
Batting: RHB Jeffrey Coker
|
0-0: Ball 1-0: Single, Error in OF, E9, batter to second base (Line Drive, 34D, EV 106.9 MPH) Jeff Rutledge to third
|
|
Batting: RHB Robert Whitfield
|
0-0: Intentional Walk
|
|
Batting: RHB Alvin Bush
|
0-0: SINGLE (Groundball, 6D, EV 99.4 MPH) Jeff Rutledge scores Jeffrey Coker to third Robert Whitfield to second
|
|
Batting: SHB Michael Frierson
|
0-0: Called Strike 0-1: Ball 1-1: SINGLE (Groundball, 25, EV 65.0 MPH) (infield hit) Jeffrey Coker scores Robert Whitfield to third Alvin Bush to second
|
|
Pitching: LHP Marion Thackston
|
|
|
Batting: RHB Kalvin Adams
|
0-0: Foul Ball, location: 2F 0-1: Ball 1-1: Called Strike 1-2: Ball 2-2: Strikes out swinging
|
|
Batting: RHB Douglas Wabeke
|
0-0: Foul Ball, location: 2F 0-1: Ball 1-1: Called Strike 1-2: Strikes out swinging
|
|
Batting: RHB Columbus Duncan
|
0-0: Ball 1-0: Swinging Strike 1-1: SINGLE (Groundball, 6MD, EV 103.1 MPH) Robert Whitfield scores Alvin Bush to third Michael Frierson to second Runner from 3rd tries for Home, SAFE, throw by CF to home
|
|
Batting: RHB Gary Kempton
|
0-0: Foul Ball, location: 2F 0-1: Called Strike 0-2: Strikes out swinging
|
| Top of the 8th over - 4 runs, 5 hits, 1 error, 2 left on base; Daytona Beach 8 - West Palm Beach 1 |
| BOTTOM OF THE 8TH |
|
West Palm Beach Expos batting - Pitching for Daytona Beach Islanders : LHP Frank Miloszewski
|
|
Pinch Hitting: RHB Robert Palmer
|
0-0: Ball 1-0: Foul Ball, location: 2F 1-1: Foul Ball, location: 2F 1-2: Fly out, F8 (Flyball, 8RD, EV 102.5 MPH)
|
|
Batting: RHB Don Berti
|
0-0: Called Strike 0-1: Ball 1-1: Ground out 6-3 (Groundball, 6, EV 86.3 MPH)
|
|
Batting: RHB Matthew Gundelfinger
|
0-0: Ball 1-0: Ball 2-0: Called Strike 2-1: Foul Ball, location: 2F 2-2: Ground out 5-3 (Groundball, 56, EV 101.9 MPH)
|
| Bottom of the 8th over - 0 runs, 0 hits, 0 errors, 0 left on base; Daytona Beach 8 - West Palm Beach 1 |
| TOP OF THE 9TH |
|
Daytona Beach Islanders batting - Pitching for West Palm Beach Expos : LHP Marion Thackston
|
|
Now at 1B: Robert Palmer
|
|
|
Batting: RHB Jeff Rutledge
|
0-0: Ball 1-0: Ball 2-0: Called Strike 2-1: Ball 3-1: Foul Ball, location: 2F 3-2: Base on Balls
|
|
Batting: RHB Jeffrey Coker
|
0-0: Called Strike 0-1: Called Strike 0-2: Strikes out looking
|
|
Pitching: RHP Larry Freeburg
|
|
|
Pinch Hitting: RHB Don Stricklen
|
0-0: Ball 1-0: Fly out, F7 (Flyball, 78S, EV 91.9 MPH)
|
|
Batting: RHB Alvin Bush
|
0-0: Called Strike 0-1: Ball 1-1: SINGLE (Line Drive, 8LS, EV 108.1 MPH) Jeff Rutledge to second
|
|
Pinch Hitting: LHB Roger Lee
|
0-0: Ball 1-0: Foul Ball, location: 2F 1-1: Ball 2-1: Ball 3-1: Foul Ball, location: 2F 3-2: Ground out 6-3 (Groundball, 6S, EV 80.0 MPH)
|
| Top of the 9th over - 0 runs, 1 hit, 0 errors, 2 left on base; Daytona Beach 8 - West Palm Beach 1 |
| BOTTOM OF THE 9TH |
|
West Palm Beach Expos batting - Pitching for Daytona Beach Islanders : LHP Frank Miloszewski
|
|
Now at 1B: Tarry Boelter
|
|
|
Now in LF: Roger Lee
|
|
|
Batting: RHB Humberto Cardenas
|
0-0: Called Strike 0-1: Ball 1-1: Foul Ball, location: 2F 1-2: Foul Ball, location: 2F 1-2: Ground out 5-3 (Groundball, 56, EV 83.1 MPH)
|
|
Pitching: RHP Randall Rambis
|
|
|
Batting: RHB Roland Oruna
|
0-0: Ball 1-0: Ball 2-0: Ball 3-0: Called Strike 3-1: Base on Balls
|
|
Batting: SHB Terry Pendleton
|
0-0: Swinging Strike 0-1: Ball 1-1: Foul Ball, location: 2F 1-2: Ball 2-2: Foul Ball, location: 2F 2-2: Foul Ball, location: 2F 2-2: Ball 3-2: Foul Ball, location: 2F 3-2: DOUBLE (Line Drive, 78D, EV 106.9 MPH) Roland Oruna to third
|
|
Batting: LHB Keith Hughes
|
0-0: Called Strike 0-1: Ball 1-1: Called Strike 1-2: Strikes out looking
|
|
Batting: RHB Steve Kiefer
|
0-0: Swinging Strike 0-1: Swinging Strike 0-2: Strikes out swinging
|
| Bottom of the 9th over - 0 runs, 1 hit, 0 errors, 2 left on base; Daytona Beach 8 - West Palm Beach 1 |
|